 Dungeon Crawl Stone Soup version v3.33-hellcrawl-189-gd9da4bb (webtiles) character file.

3 Amnesiac the Charmwright (level 2, 0/22 HPs)
             Began as a Vampire Skald on Oct 17, 2017.
             Slain by a kobold (1 damage)
             ... on level 1 of the Dungeon.
             The game lasted 00:00:43 (349 turns).

Amnesiac the Charmwright (Vampire Skald)             Turns: 349, Time: 00:00:44

Health: 0/22       AC:  3 (14%)Str: 11  XL:     2   Next: 10%
Magic:  2/4        EV: 11    Int: 14    God:
Gold:   0          SH:  0    Dex: 13    Spells: 4/5 levels left

rFire    . . .     SeeInvis +   a - +0 rapier
rCold    . . .     Faith    .   (no shield)
rNeg     + . .     Spirit   .   b - +0 leather armour
rPois    .         Reflect  .   (no helmet)
rElec    .                      (no cloak)
rCorr    .                      (no gloves)
MR       .....                  (no boots)
Stlth    ++........             (no amulet)
Regen    0.1/turn               (no ring)
MPRegen  0.2/turn               (no ring)

@: no status effects
A: fangs 3, see invisible, unbreathing
a: End Infusion


You were on level 1 of the Dungeon.
You were not thirsty.

You visited 1 branch of the dungeon, and saw 1 of its levels.

Inventory:

Hand Weapons
 a - a +0 rapier (weapon)
Armour
 b - a +0 leather armour (worn)
Scrolls
 e - a scroll of fog {!r}
Potions
 c - a potion of haste {!q}
 d - a potion of berserk rage {!q}


   Skills:
 - Level 2.0 Fighting
 + Level 2.9 Blades
 - Level 0.7 Armour
 - Level 1.1 Dodging
 - Level 2.0 Spellcasting
 - Level 3.2 Charms


You had 4 spell levels left.
You knew the following spells:

 Your Spells              Type           Power        Failure   Level  Hunger
a - Infusion              Chrm           10 (25)      9%          1    ##.....


Dungeon Overview and Level Annotations

Branches:
Dungeon (1/15)

Altars:


Innate Abilities, Weirdness & Mutations

You have razor-sharp teeth.
You have supernaturally acute eyesight. (SInv)
You can survive without breathing.


Message History

You hit the kobold (6).
You kill the kobold!
You start resting.
Magic restored.
You start resting.
HP restored.
Found a +0 ring mail.
d - a potion of berserk rage {!q}
e - a scroll of fog {!r} No target in view!
No target in view!
No target in view!
A rat comes into view.
A rat is nearby!
A rat is nearby!
Found a +0 ring mail and a potion of invisibility.
A rat is nearby!
A kobold comes into view.
A dart slug comes into view.
You hit the rat (5).
You kill the rat!
The kobold shouts!
You hit the kobold (7)!
You kill the kobold!
A goblin comes into view.
The dart slug bites you but does no damage.
The goblin shouts!
You hit the dart slug (2).
The dart slug is moderately wounded.
The dart slug launches a dart at you. The slug dart hits you!
That hurt (5)!
You hit the dart slug but do no damage.
The dart slug is moderately wounded.
The dart slug barely misses you.
You hit the dart slug (3).
The dart slug is heavily wounded.
The dart slug launches a dart at you. The slug dart hits you!
That hurt (6)!
* * * LOW HITPOINT WARNING * * *
You are too injured to fight recklessly!
You are too injured to fight recklessly!
You are too injured to fight recklessly!
You are too injured to fight recklessly!
You hit the dart slug (5).
You kill the dart slug!
You have reached level 2!
The goblin hits you (3).
* * * LOW HITPOINT WARNING * * *
You barely miss the goblin. The goblin closely misses you.
A kobold comes into view.
The kobold shouts!
You hit the goblin (6).
You kill the goblin!
You hit the kobold (3).
The kobold is severely wounded.
The kobold hits you (2).
* * * LOW HITPOINT WARNING * * *
You completely miss the kobold.
The kobold is heavily wounded.
The kobold barely misses you.
You barely miss the kobold.
The kobold is heavily wounded.
The kobold hits you (1).
You die...

### #.#######
#...K@..#
#.#####.# #.....#
# .######.#.#
...!K...#.#
........#.#
........#.#
........#.#
..####..#.#######


You could see a kobold.

Vanquished Creatures
  A dart slug (D:1)
  2 quokkas (D:1)
  A goblin (D:1)
  2 kobolds (D:1)
  A rat (D:1)
7 creatures vanquished.

Notes
Turn   | Place    | Note
-------+----------+-------------------------------------------
     0 | D:1      | Amnesiac the Vampire Skald began the quest for the Orb.
     0 | D:1      | Reached XP level 1. HP: 16/16 MP: 3/3
   331 | D:1      | Reached XP level 2. HP: 5/22 MP: 0/4
   343 | D:1      | HP: 1/22 [kobold (2)]
   349 | D:1      | Slain by a kobold

Skill      XL: |  1 |
---------------+----+-----
Fighting       | 2 |  2.0
Blades         | |  2.9
Armour         | |  0.7
Dodging        | |  1.1
Spellcasting   | |  2.0
Charms         | |  3.2

Action                   || total
-------------------------++-------
Melee: Rapier            ||    21
 Cast: Infusion          ||     1
Armor: Leather armour    ||     2
Dodge: Dodged            ||    10
